 Dungeon Crawl Stone Soup version 0.27.1-37-g7b29ead8ac (console) character file.

Game seed: 4257495409811091624

8 grimtooth the Gusty (level 1, -2/14 HPs)
             Began as a Demigod Air Elementalist on Oct 27, 2023.
             Slain by a jackal (3 damage)
             ... on level 1 of the Dungeon.
             The game lasted 00:02:49 (301 turns).

grimtooth the Gusty (Demigod Air Elementalist)       Turns: 301, Time: 00:02:52

Health: -2/14      AC:  2    Str:  9    XL:     1   Next: 80%
Magic:  0/5        EV: 12    Int: 17    God:
Gold:   16         SH:  0    Dex: 14    Spells: 2/3 levels left

rFire    . . .     SeeInvis .   (no weapon)
rCold    . . .     Faith    .   (no shield)
rNeg     . . .     Spirit   .   a - +0 robe
rPois    .         Reflect  .   (no helmet)
rElec    .         Harm     .   (no cloak)
rCorr    .         Rampage  .   (no gloves)
Will     .....                  (no boots)
Stlth    ++........             (no amulet)
HPRegen  0.04/turn              (no ring)
MPRegen  0.09/turn              (no ring)

@: no status effects
A: high mp 1, forlorn
a: no special abilities


You were on level 1 of the Dungeon.
You visited 1 branch of the dungeon, and saw 1 of its levels.

You collected 16 gold pieces.

Inventory:

Armour
 a - a +0 robe (worn)


   Skills:
 - Level 1.7 Dodging
 - Level 1.7 Stealth
 - Level 1.7 Spellcasting
 - Level 0.8 Conjurations
 * Level 3.2 Air Magic


You had 2 spell levels left.
You knew the following spells:

 Your Spells              Type           Power      Damage    Failure   Level
a - Shock                 Conj/Air       32%        1d5       9%          1

Your spell library contained the following spells:

 Spells                   Type           Power      Damage    Failure   Level
 Static Discharge         Conj/Air       8%         N/A       13%         2
 Swiftness                Air            12%        N/A       16%         3
 Airstrike                Air            6%         N/A       45%         4


Dungeon Overview and Level Annotations

Branches:
Dungeon (1/15)


Innate Abilities, Weirdness & Mutations

Your attributes grow dramatically as you level up.
You have an increased reservoir of magic. (+10% MP)
You shall have no god before yourself.


Message History

Press: ? - help, Shift-Dir - straight line, f - jackal
Aim: a jackal (lightly wounded, 60% to hit)
The zap hits the jackal.
You kill the jackal!
The zap hits the jackal but does no damage.
The jackal is lightly wounded.
The jackal closely misses you. The jackal closely misses you.
The jackal bites you but does no damage.
The jackal closely misses you. The jackal barely misses you.
The jackal bites you.
* * * LOW HITPOINT WARNING * * *
Casting: Shock (safe; 9% risk of failure)
Confirm with . or Enter, or press ? or * to list all spells.
Aiming: Shock (safe; 9% risk of failure)
Press: ? - help, Shift-Dir - straight line, f/p - jackal
Aim: a jackal (60% to hit)
The zap misses the jackal.
The jackal closely misses you. The jackal barely misses you.
The jackal barely misses you. The jackal barely misses you.
The jackal bites you but does no damage.
Casting: Shock (safe; 9% risk of failure)
Confirm with . or Enter, or press ? or * to list all spells.
Aiming: Shock (safe; 9% risk of failure)
Press: ? - help, Shift-Dir - straight line, f/p - jackal
Aim: a jackal (60% to hit)
The zap misses the jackal.
The jackal completely misses you.
Enter note: - miss miss miss You aren't carrying any potions.
Unknown command.
As you read the scroll labelled VIER VOHINI, it crumbles to dust.
You hear a loud clanging noise!
It was a scroll of noise.
You hear a shout! x5
The jackal bites you.
* * * LOW HITPOINT WARNING * * *
The jackal bites you.
You die...

########### #####.........#
............<.#
#####........+ ##........#
##...#@....# ##...###h...#
##...## ##.### . ##...##
#.# .#
####+#...#######.####..#
.......................#
............#.#....###..
............#.#....#
...........)..#....#
...........#..#....#
..............#....######>#


You could see a jackal.

Vanquished Creatures
  A dart slug (D:1)
  3 jackals (D:1)
  A kobold (D:1)
5 creatures vanquished.

Notes
Turn   | Place    | Note
-------+----------+-------------------------------------------
     0 | D:1      | grimtooth the Demigod Air Elementalist began the quest for
                  | the Orb.
     0 | D:1      | Reached XP level 1. HP: 14/14 MP: 5/5
    77 | D:1      | Reached skill level 3 in Air Magic
   301 | D:1      | - miss miss miss
   301 | D:1      | Slain by a jackal

Illustrated notes

########### #####.........#
............<.#
#####........+ ##........#
##...#@....# ##...###h...#
##...## ##.### . ##...##
#.# .#
####+#...#######.####..#
.......................#
............#.#....###..
............#.#....#
...........)..#....#
...........#..#....#
..............#....######>#


Turn 301 on D:1: - miss miss miss

Levels and vault maps discovered:
D:1:      elethiomel_arrival_shortcut, layout_basic,
          corexii_item_surrounded_by_moat, minmay_crystal_room,
          minmay_tiny_reverse_x

Skill      XL: |  1 |
---------------+----+-----
Air Magic      | 3 |  3.2
Dodging        | |  1.7
Stealth        | |  1.7
Spellcasting   | |  1.7
Conjurations   | |  0.8

Action                   || total
-------------------------++-------
Melee: Unarmed           ||     9
 Cast: Shock             ||    16
  Use: Scroll            ||     1
Armor: Robe              ||     5
Dodge: Dodged            ||    23
